 Dungeon Crawl Stone Soup version 0.26.1-11-gd32895ea62 (webtiles) character file.

Game seed: 7930570738816487173

4601 Descartes the Grappler (level 10, -25/75 (88) HPs)
             Began as a Troll Chaos Knight on May 13, 2021.
             Was a Plaything of Xom.
             Killed from afar by Nergalle (44 damage)
             ... with a bolt of negative energy
             ... on level 10 of the Dungeon.
             The game lasted 00:18:48 (9229 turns).

Descartes the Grappler (Troll Chaos Knight)         Turns: 9229, Time: 00:18:51

HP:   -25/75 (88)   AC:  8    Str: 23    XL:     10   Next: 19%
MP:   9/9           EV: 11    Int: 14    God:    Xom [.*....]
Gold: 1393          SH:  0    Dex: 11    Spells: 3/9 levels left

rFire    . . .     SeeInvis +     - Unarmed
rCold    . . .     Faith    .   (no shield)
rNeg     . . .     Spirit   .   a - +2 robe
rPois    +         Reflect  .   (helmet restricted)
rElec    .         Harm     .   (no cloak)
rCorr    .         Rampage  .   (gloves unavailable)
Will     .....                  (boots unavailable)
Stlth    +.........             (no amulet)
HPRegen  0.62/turn              L - ring of see invisible
MPRegen  0.11/turn              s - +6 ring of intelligence

@: studying Invocations, heavily drained
A: large, unfitting armour, claws 3, see invisible, sense surroundings 1, poison
resistance, regeneration 1, shaggy fur 1, tough skin 3
a: Renounce Religion


You were on level 10 of the Dungeon.
You worshipped Xom.
You were a plaything of Xom.
You visited 2 branches of the dungeon, and saw 11 of its levels.
You also visited: Sewer.

You collected 1393 gold pieces.

Inventory:

Hand Weapons
 J - a +0 giant club
Missiles
 b - 316 stones (quivered)
 h - 41 sling bullets
 j - 18 poisoned darts
 o - 218 arrows
 z - 9 boomerangs
 B - 11 curare-tipped darts
Armour
 a - a +2 robe (worn)
Jewellery
 i - an uncursed ring of magical power
 s - a +6 ring of intelligence (right claw)
 y - an uncursed ring of magical power
 L - a ring of see invisible (left claw)
Wands
 q - a wand of polymorph (12)
 H - a wand of disintegration (13)
Scrolls
 d - 7 scrolls of teleportation
 g - 5 scrolls of remove curse
 r - a scroll of summoning {unknown}
 x - 2 scrolls of fear
 C - 4 scrolls of amnesia {unknown}
 D - 2 scrolls of fog {unknown}
 E - a scroll of random uselessness {unknown}
 G - 4 scrolls of magic mapping {unknown}
 I - a scroll of enchant armour
 K - a scroll of noise {unknown}
 M - 3 scrolls of identify
Potions
 c - 2 potions of mutation
 e - 10 potions of curing
 f - 3 potions of flight
 k - 3 potions of lignification
 l - 3 potions of invisibility {unknown}
 m - a potion of resistance {unknown}
 n - 2 potions of brilliance
 p - 4 potions of magic {unknown}
 t - 2 potions of berserk rage
 u - 2 potions of degeneration {unknown}
 v - 2 potions of haste {unknown}
 w - 2 potions of might {unknown}
 A - a potion of attraction {unknown}
 F - a potion of heal wounds {unknown}
 O - a potion of cancellation {unknown}
Books
 N - a manual of Invocations


   Skills:
 - Level 2.4 Fighting
 + Level 4.7 Dodging
 + Level 12.3 Unarmed Combat
 + Level 1.3 Transmutations
 + Level 4.7 Evocations


You had 3 spell levels left.
You knew the following spells:

 Your Spells              Type           Power        Failure   Level
a - Beastly Appendage     Tmut           6%           17%         1
b - Blade Hands           Tmut           1%           99%         5

Your spell library contained the following spells:

 Spells                   Type           Power        Failure   Level
 Wereblood                Tmut           3%           26%         2
 Animate Skeleton         Necr           0%           28%         1
 Apportation              Tloc           0%           28%         1
 Corona                   Hex            0%           28%         1
 Summon Small Mammal      Summ           0%           28%         1
 Spider Form              Tmut/Pois      0%           56%         3
 Ice Form                 Ice/Tmut       1%           92%         4


Dungeon Overview and Level Annotations

Branches:
Dungeon (10/15)            Temple (1/1) D:6            Lair (0/6) D:9
  Sewer (visited)
    Orc: D:9-12

Altars:
Ashenzari
Cheibriados
Dithmenos
Elyvilon
Fedhas
Gozag
Hepliaklqana
Kikubaaqudgha
Makhleb
Okawaru
Qazlal
Sif Muna
Trog
Uskayaw
Vehumet
Wu Jian
Zin
The Shining One

Shops:
D:5 =

Annotations:
D:10 Nergalle


Innate Abilities, Weirdness & Mutations

You are too large for most types of armour.
You have claws for hands.
Your natural rate of healing is unusually fast.
You are covered in fur. (AC +1)
You have extremely tough skin. (AC +3)
You have supernaturally acute eyesight. (SInv)
You passively map a small area around you.
Your system is resistant to poisons. (rPois)


Message History

Nergalle hits you with a +6 dagger of speed.
You barely miss Nergalle.
Nergalle is severely wounded.
The spectral orc barely misses you. Nergalle closely misses you.
The spectral orc warlord hits you from afar with a +2 halberd!
You feel drained.
You barely miss Nergalle.
Nergalle is severely wounded.
Nergalle casts a spell at you. The bolt of negative energy hits you!!
You feel drained.
* * * LOW HITPOINT WARNING * * *
The spectral orc closely misses you.
You closely miss Nergalle.
Nergalle is severely wounded.
The spectral orc warlord hits you but does no damage.
Nergalle gestures at you while chanting.
The bolt of negative energy hits you!!!
You feel drained.
Ouch! That really hurt!
You die...
Xom roars with laughter!

.### , , ..# *
* ###.# .
#.#.####* , ..
* *
*,#,#.#.'..##
... *,
,#.#.#.##..#
.?..
#.#.#.###.#
..... , #.....#
#Z#Z..... **
#.#####.###
#@oZ..[..
#.........#
###Z.....
#####'#####
###### ###
#..##
#.#######..#
#.'...####'###
* *
..###..##....#*
* , #.#
##.##....+ *
#.# #..'....#*


You could see Nergalle, a spectral orc (summoned), a spectral orc warrior
(summoned), a spectral orc knight (summoned) and a spectral orc warlord
(summoned).

Vanquished Creatures
  2 trolls (D:9)
  A blink frog (D:8)
  A wyvern (D:10)
  A steam dragon (D:7)
  Menkaure (D:4)
  An acid dragon (D:9)
  A black bear (D:7)
  2 ice beasts
  An orc warrior (D:7)
  A sky beast (D:5)
  A phantom (D:8)
  4 ogres
  6 centaurs
  2 lemures (D:8)
  4 big kobolds
  Blork the orc (D:6)
  3 bullfrogs
  2 gnoll sergeants
  A water moccasin skeleton (D:7)
  2 scorpions
  6 howler monkeys
  4 hounds
  3 orc priests
  A gnoll shaman (D:4)
  2 bullfrog skeletons
  4 iguanas
  An orc wizard (D:8)
  A hound zombie (D:8)
  A hound skeleton (D:7)
  A howler monkey zombie (D:6)
  14 gnolls
  13 adders
  2 river rats (Sewer)
  2 shadow imps
  2 white imps (D:6)
  3 ufetubi
  9 oozes
  An adder zombie (D:5)
  An adder skeleton (D:4)
  9 worms
  2 dart slugs (D:1)
  6 leopard geckos
  21 orcs
  10 giant cockroaches
  5 goblins
  8 hobgoblins
  9 jackals
  4 quokkas
  8 ball pythons
  10 bats
  8 frilled lizards
  A jackal skeleton (D:4)
  A jackal zombie (D:5)
  17 kobolds
  9 rats
237 creatures vanquished.

Vanquished Creatures (collateral kills)
  A steam dragon (D:7)
1 creature vanquished.

Vanquished Creatures (others)
  A swamp drake (D:4)
  2 orcs (D:4)
  2 fungi (D:7)
  2 withered plants (D:4)
7 creatures vanquished.

Grand Total: 245 creatures vanquished

Notes
Turn   | Place    | Note
-------+----------+-------------------------------------------
     0 | D:1      | Descartes the Troll Chaos Knight began the quest for the
                  | Orb.
     0 | D:1      | Reached XP level 1. HP: 22/22 MP: 0/0
    65 | D:1      | Reached XP level 2. HP: 29/29 MP: 1/1
   159 | D:1      | Reached skill level 4 in Unarmed Combat
   443 | D:1      | Reached XP level 3. HP: 36/36 MP: 2/2
   564 | D:1      | XOM: silly message
   619 | D:1      | XOM: noise
   635 | D:1      | XOM is BORED!
   763 | D:2      | Found an opulent altar of Gozag.
   928 | D:2      | Noticed an ice beast
   934 | D:2      | Killed an ice beast
   935 | D:2      | Reached skill level 5 in Unarmed Combat
   935 | D:2      | Reached XP level 4. HP: 44/44 MP: 3/3
   935 | D:2      | Reached XP level 5. HP: 50/50 MP: 4/4
   946 | D:2      | XOM: give mutations
   946 | D:2      | Gained mutation: You are dopey. (Int -2) [Xom's mischief]
   946 | D:2      | Lost mutation: You are dopey. (Int -2) [Xom's mischief]
  1026 | D:2      | Reached skill level 6 in Unarmed Combat
  1160 | D:2      | XOM: 8-stop teleportation journey
  1290 | D:2      | XOM: noise
  1333 | D:2      | XOM: scenery: summon butterflies
  1929 | D:3      | Reached XP level 6. HP: 54/59 MP: 5/5
  2115 | D:3      | Reached skill level 7 in Unarmed Combat
  2211 | D:3      | Found an ornate altar of the Wu Jian Council.
  2309 | D:3      | Found a radiant altar of Vehumet.
  2572 | D:4      | Noticed Menkaure
  2577 | D:4      | Killed Menkaure
  2609 | D:4      | XOM: cloud trail
  2647 | D:4      | Noticed a swamp drake
  2647 | D:4      | an adder changed into a swamp drake
  2647 | D:4      | XOM: polymorph adder -> swamp drake
  2653 | D:4      | Killed a swamp drake
  2653 | D:4      | XOM: destruction
  2654 | D:4      | Reached skill level 8 in Unarmed Combat
  2654 | D:4      | Reached XP level 7. HP: 41/66 MP: 6/6
  2675 | D:4      | XOM: enchant monster (bad)
  2750 | D:4      | Found a blossoming altar of Fedhas.
  2753 | D:4      | Found a bloodstained altar of Trog.
  2817 | D:4      | XOM: 1-stop teleportation journey
  2836 | D:4      | Found an ancient bone altar of Kikubaaqudgha.
  2840 | D:4      | XOM: polymorph frilled lizard -> adder
  2944 | D:4      | XOM: 1-stop teleportation journey
  2991 | D:4      | Found a glowing drain.
  3003 | Sewer    | Entered a sewer
  3041 | Sewer    | Reached skill level 9 in Unarmed Combat
  3243 | Sewer    | XOM: chaos cloud
  3248 | Sewer    | XOM: enchant monster (good)
  3532 | Sewer    | Reached XP level 8. HP: 74/74 MP: 7/7
  4084 | D:5      | Entered Level 5 of the Dungeon
  4175 | D:5      | XOM: 1-stop teleportation journey
  4314 | D:5      | Found Legomut's Jewellery Shoppe.
  4330 | D:5      | Reached skill level 10 in Unarmed Combat
  4416 | D:5      | Found a hazy altar of Hepliaklqana.
  4556 | D:5      | XOM: potion effect (haste)
  4613 | D:6      | Found a staircase to the Ecumenical Temple.
  4622 | D:6      | Noticed Blork the orc
  4634 | D:6      | Killed Blork the orc
  4643 | Temple   | Entered the Ecumenical Temple
  5234 | D:6      | Reached skill level 1 in Evocations
  5237 | D:6      | Reached skill level 11 in Unarmed Combat
  5825 | D:7      | XOM: divination: magic mapping
  5826 | D:7      | XOM: cast spell 'Summon Dragon'
  6174 | D:8      | Reached XP level 9. HP: 80/80 MP: 8/8
  6463 | D:8      | XOM is BORED!
  6463 | D:8      | XOM: summons 1 hostile demon
  6572 | D:8      | Found a shadowy altar of Dithmenos.
  6572 | D:8      | Noticed Pikel
  6577 | D:8      | Noticed Pikel
  6577 | D:8      | Pikel changed into Pikel the blink frog
  6577 | D:8      | XOM: polymorph Pikel -> Pikel the blink frog
  6583 | D:8      | Killed Pikel the blink frog
  6980 | D:8      | XOM: cloud trail
  7312 | D:7      | XOM: cloud trail
  7586 | D:7      | Reached skill level 12 in Unarmed Combat
  7778 | D:9      | Found a staircase to the Lair.
  7805 | D:9      | Noticed a troll
  7817 | D:9      | Killed a troll
  7832 | D:9      | Noticed a troll
  7834 | D:9      | XOM: fake destruction
  7916 | D:9      | XOM: give mutation
  7916 | D:9      | Gained mutation: You have supernaturally acute eyesight.
                  | (SInv) [Xom's grace]
  7949 | D:9      | XOM: noise
  8108 | D:9      | Learned a level 1 spell: Beastly Appendage
  8114 | D:9      | Learned a level 5 spell: Blade Hands
  8223 | D:9      | Found a white marble altar of Elyvilon.
  8430 | D:9      | Reached XP level 10. HP: 47/88 MP: 9/9
  8665 | D:9      | XOM: polymorph howler monkey -> worm
  8680 | D:9      | Found an iron altar of Okawaru.
  8766 | D:9      | XOM: summons 5 hostile demons
  9008 | D:10     | Entered Level 10 of the Dungeon
  9016 | D:10     | XOM: give mutations
  9016 | D:10     | Gained mutation: You passively map a small area around you.
                  | [Xom's grace]
  9016 | D:10     | Gained mutation: Your system is resistant to poisons.
                  | (rPois) [Xom's grace]
  9049 | D:10     | XOM: god gift: 889 gold pieces
  9055 | D:10     | Reached skill level 1 in Transmutations
  9212 | D:10     | Noticed Nergalle
  9225 | D:10     | Noticed a spectral orc warlord
  9229 | D:10     | Killed from afar by Nergalle

Illustrated notes

Levels and vault maps discovered:
D:1:      sevenhm_arrival_forest_fort_small_6, layout_basic
D:2:      mumra_celtic_spiral_tile, layout_loops_cross,
          nicolae_overflow_crystal_walls, chequers_serial_rivers_room_b
D:3:      layout_basic, pdpol_wu_jian_five_deadly_venoms, lemuel_round_altar
D:4:      layout_loops_ring, kiku_gazebo_garden_becter, minitemple,
          gup_sewer_entry_bubbles, uniq_menkaure
D:5:      layout_rooms, nzn_hepliaklqana_mist_gate, serial_shops, shop_statue,
          kennysheep_generic_room_13
D:6:      layout_loops_ring, minmay_temple_entry_waves, uniq_blork_the_orc
D:7:      kennysheep_steamy, layout_basic
D:8:      layout_basic, grunt_dithmenos_shadows, minmay_manual_maat, uniq_pikel
D:9:      layout_loops_corners, elyvilon_altar_1, lair_entry_dummy,
          okawaru_metal_pillars_1_2
D:10:     layout_roguey, uniq_nergalle
Temple:   nicolae_temple_figure_eight

Skill      XL: |  1  2  3  4  5  6  7  8  9 10 |
---------------+-------------------------------+-----
Unarmed Combat | 4 5 6 8 9 11 12 | 12.3
Evocations     | 2 4 |  4.7
Dodging        | 4 |  4.7
Transmutations | 1 |  1.3
Fighting       | |  2.4

Action                   |  1- 3 |  4- 6 |  7- 9 | 10-12 || total
-------------------------+-------+-------+-------+-------++-------
Melee: Unarmed           |    86 |   103 |   398 |    74 ||   661
       Punch             |     2 |     6 |    12 |     3 ||    23
  Use: Scroll            |       |     5 |     7 |       ||    12
 Stab: Sleeping          |     1 |       |     1 |       ||     2
       Paralysed         |       |       |     3 |       ||     3
       Confused          |       |       |     1 |       ||     1
Armor: Robe              |    23 |    36 |   134 |    18 ||   211
Dodge: Dodged            |    40 |    43 |   160 |    28 ||   271
